 Dungeon Crawl Stone Soup version 0.28.0-53-g5a82cb258f (webtiles) character file.

Game seed: 1949502492369276916

195 safid the Chopper (level 5, -2/46 HPs)
             Began as a Hill Orc Fighter on June 27, 2022.
             Slain by an ogre
             ... wielding a +0 giant club
              (16 damage)
             ... on level 5 of the Dungeon.
             The game lasted 00:05:55 (3180 turns).

safid the Chopper (Hill Orc Fighter)                Turns: 3180, Time: 00:05:55

Health: -2/46      AC: 16    Str: 21    XL:     5   Next: 74%
Magic:  5/5        EV:  5    Int:  8    God:
Gold:   249        SH:  4    Dex: 10    Spells: 4/4 levels left

rFire   . . .      SeeInvis .   a - +0 war axe
rCold   . . .      Faith    .   c - +0 buckler
rNeg    . . .      Spirit   .   l - +0 plate armour
rPois   .          Reflect  .   (no helmet)
rElec   .          Harm     .   v - +1 cloak
rCorr   .          Rampage  .   b - +0 pair of gloves
Will    .....                   g - +0 pair of boots
Stlth   ..........              (no amulet)
HPRegen 0.15/turn               (no ring)
MPRegen 0.09/turn               (no ring)

@: no status effects
A: no striking features
a: no special abilities


You were on level 5 of the Dungeon.
You visited 1 branch of the dungeon, and saw 5 of its levels.

You collected 249 gold pieces.

Inventory:

Hand Weapons
 a - a +0 war axe (weapon)
Missiles
 e - 4 poisoned darts (quivered)
 u - 4 boomerangs
Armour
 b - a +0 pair of gloves (worn)
 c - a +0 buckler (worn)
 g - a +0 pair of boots (worn)
 l - a +0 plate armour (worn)
 v - a +1 cloak (worn)
 z - a +2 ring mail of cold resistance
Wands
 x - a wand of flame (21)
Scrolls
 i - a scroll of magic mapping {unknown}
 o - 2 scrolls of identify {unknown}
 q - 2 scrolls of fog {unknown}
 r - a scroll of brand weapon {unknown}
 s - a scroll of immolation {unknown}
 t - a scroll of enchant armour {unknown}
 w - 3 scrolls of blinking {unknown}
 y - a scroll of vulnerability {unknown}
 A - a scroll of teleportation {unknown}
Potions
 d - 2 potions of might
 f - 2 potions of degeneration {unknown}
 h - a potion of resistance {unknown}
 j - a potion of heal wounds {unknown}
 k - a potion of mutation {unknown}
 m - a potion of flight {unknown}
 n - a potion of curing {unknown}
 p - a potion of ambrosia {unknown}
 B - a potion of cancellation {unknown}


   Skills:
 - Level 4.0 Fighting
 + Level 6.3 Axes
 - Level 4.0 Armour
 - Level 4.0 Shields


You had 4 spell levels left.
You didn't know any spells.
Your spell library contained the following spells:

 Spells                   Type           Power      Damage    Failure   Level
 Ignite Poison            Fire/Tmut/Pois 0%         N/A       100%        3
 Mephitic Cloud           Conj/Pois/Air  0%         N/A       100%        3
 Freezing Cloud           Conj/Ice/Air   0%         6-21      100%        5


Dungeon Overview and Level Annotations

Branches:
Dungeon (5/15)
 Temple: D:4-7

Altars:


Message History

Items here: )))).
A goblin is nearby!
There is a stone staircase leading down here.
You climb downwards.
You hear the hiss of flowing sand.
There is an entrance to an ossuary on this level.
Hurry and find it before the portal is buried!
The ogre shouts!
You hear a bark!
Found 2 murky red potions.
There is a stone staircase leading up here.
Throw: 6 darts (poison)
Press: ? - help, Q - select action, (/) - cycle Shift-Dir - straight line, f - ogre
Aim: an ogre, wielding a +0 giant club (73% to hit)
You throw a poisoned dart. The poisoned dart hits the ogre.
The ogre is poisoned.
Unknown command.
Throw: 5 darts (poison)
Press: ? - help, Q - select action, (/) - cycle Shift-Dir - straight line, f/p - ogre
Aim: an ogre, wielding a +0 giant club (poisoned, 73% to hit)
You throw a poisoned dart. The poisoned dart hits the ogre.
The ogre looks even sicker.
A hound comes into view.
You hit the ogre.
The ogre is lightly wounded.
The ogre hits you but does no damage.
You barely miss the ogre.
The ogre is lightly wounded.
The ogre hits you but does no damage.
You hit the ogre.
The ogre is heavily wounded.
The ogre hits you with a +0 giant club!!
You hit the ogre.
The ogre is heavily wounded.
You hit the hound but do no damage. You block the hound's attack.
The ogre hits you with a +0 giant club!
Unknown command.
You slash the ogre!
The ogre is almost dead.
You hit the hound. The hound bites you. The hound bites you but does no damage.
The ogre hits you with a +0 giant club!
You die...

#..####.
#......
#..... #
#....##.#
#.......#
#.......#
#...!...#
#@h.#
#O.......
#(...#...
#.(.... .
#..#.###
#.....
#..# ##
##.#


You could see an ogre (poisoned) and a hound.

Vanquished Creatures
  A hound (D:4)
  An orc wizard (D:4)
  A hound skeleton (D:4)
  3 adders
  An ufetubus (D:4)
  An adder skeleton (D:4)
  2 dart slugs
  6 orcs
  10 ball pythons
  5 endoplasms
  A giant cockroach (D:2)
  14 goblins
  9 hobgoblins
  6 kobolds
  5 quokkas
  4 bats
  3 frilled lizards (D:3)
  7 rats
80 creatures vanquished.

Notes
Turn   | Place    | Note
-------+----------+-------------------------------------------
     0 | D:1      | safid the Hill Orc Fighter began the quest for the Orb.
     0 | D:1      | Reached XP level 1. HP: 19/19 MP: 1/1
    63 | D:1      | Reached XP level 2. HP: 20/27 MP: 2/2
    64 | D:1      | Reached skill level 3 in Axes
   399 | D:1      | Found a faded altar of an unknown god.
   830 | D:2      | Reached XP level 3. HP: 33/33 MP: 3/3
  1641 | D:3      | Reached XP level 4. HP: 38/40 MP: 4/4
  1764 | D:3      | Reached skill level 4 in Axes
  2276 | D:4      | Reached skill level 5 in Axes
  2569 | D:4      | Reached XP level 5. HP: 43/46 MP: 5/5
  3020 | D:4      | Reached skill level 6 in Axes
  3173 | D:5      | Entered Level 5 of the Dungeon
  3173 | D:5      | Noticed an ogre
  3180 | D:5      | Slain by an ogre

Illustrated notes

Levels and vault maps discovered:
D:1:      dpeg_arrival_round_b, layout_loops_ring, basic_ecumenical_altar
D:2:      layout_loops_cross, serial_aquarium, aquarium_bridge_square
          [aquarium_subvault_bridge, aquarium_subvault_bridge,
          aquarium_subvault_wall, aquarium_subvault_window],
          aquarium_bridge_square [aquarium_subvault_window,
          aquarium_subvault_bridge, aquarium_subvault_window,
          aquarium_subvault_wall], aquarium_window_2, aquarium_window_fake,
          aquarium_view_2a, aquarium_pool_1
D:3:      layout_loops_ring
D:4:      layout_basic, minmay_goblin_outpost
D:5:      layout_basic, enter_ossuary_5, chequers_serial_rivers_micro_b,
          minmay_misc_feat_plants

Skill      XL: |  1  2  3  4  5 |
---------------+----------------+-----
Axes           | 3 5 6 |  6.3
Fighting       | 4 |  4.0
Shields        | 4 |  4.0
Armour         | 4 |  4.0

Action                   |  1- 3 |  4- 6 || total
-------------------------+-------+-------++-------
Melee: War axe           |    87 |   124 ||   211
Throw: Dart              |       |     2 ||     2
Armor: Scale mail        |    24 |       ||    24
       Plate armour      |    24 |    95 ||   119
Dodge: Dodged            |    36 |    37 ||    73
Block: Buckler           |    15 |    29 ||    44
